 Dungeon Crawl Stone Soup version 0.29.0-15-g675c0067aa (webtiles) character file.

Game seed: 16008949636002185540

75 qw the Chopper (level 4, 0/39 HPs)
             Began as a Minotaur Berserker on Sept 12, 2022.
             Was a Follower of Trog.
             Slain by Sigmund
             ... wielding a +0 scythe
              (9 damage)
             ... on level 2 of the Dungeon.
             The game lasted 00:00:19 (1127 turns).

qw the Chopper (Minotaur Berserker)                 Turns: 1127, Time: 00:00:19

Health: 0/39       AC:  2    Str: 24    XL:     4   Next: 11%
Magic:  3/3        EV: 12    Int:  4    God:    Trog [*.....]
Gold:   77         SH:  0    Dex:  9    Spells: 3/3 levels left

rFire   . . .      SeeInvis .   Y - +0 hand axe
rCold   . . .      Faith    .   (no shield)
rNeg    . . .      Spirit   .   b - +0 animal skin
rPois   .          Reflect  .   (helmet restricted)
rElec   .          Harm     .   (no cloak)
rCorr   .          Rampage  .   (no gloves)
Will    .....                   (no boots)
Stlth   +.........              (no amulet)
HPRegen 0.13/turn               (no ring)
MPRegen 0.08/turn               (no ring)

@: on berserk cooldown, slowed, very slow
A: horns 2, retaliatory headbutt
a: Renounce Religion, Berserk


You were on level 2 of the Dungeon.
You worshipped Trog.
Trog was aware of your devotion.
You visited 1 branch of the dungeon, and saw 2 of its levels.

You collected 77 gold pieces.


Innate Abilities, Weirdness & Mutations

You have a pair of horns on your head.
You reflexively headbutt those who attack you in melee.


   Skills:
 - Level 3.6 Fighting
 + Level 6.1 Axes
 - Level 2.4 Armour
 - Level 2.1 Dodging


You had 3 spell levels left.
You didn't know any spells.
Your spell library was empty.

Inventory:

Hand Weapons
 c - a +0 club
 Y - a +0 hand axe (weapon)
Armour
 b - a +0 animal skin (worn)
Scrolls
 a - a scroll of butterflies {unknown}
 e - a scroll of noise {unknown}
 f - a scroll of immolation {unknown}
Potions
 d - a potion of curing {unknown}

Dungeon Overview and Level Annotations

Branches:
Dungeon (2/15)

Altars:

Shops:
D:1 [(*?:

Annotations:
D:2 Sigmund


Message History

A red film seems to cover your vision as you go berserk!
You feel yourself moving faster!
You feel mighty!
You hit the dart slug.
The dart slug is heavily wounded.
Sigmund casts a spell.
Sigmund flickers and vanishes!
Deactivating autopickup; reactivate with Ctrl-A.
You slash the dart slug!
You kill the dart slug!
Trog accepts your kill. Something hits you!
You swing at nothing.
You feel a strong urge to attack something.
The bat misses you. You furiously retaliate!
You headbutt the bat!!
You kill the bat!
Trog accepts your kill.
You swing at nothing.
You feel your anger nearly subside.
You are no longer berserk.
You are exhausted.
You feel yourself slow down.
You swing at nothing.
You hear some strange, mumbled words.
You are confused.
You're too confused to attack without stumbling around!
You start resting.
Something hits you.
You're too confused to attack without stumbling around!
You start resting.
Something hits you!
You're too confused to attack without stumbling around!
You start resting.
Something hits you!
You're too confused to attack without stumbling around!
You start resting.
You feel less confused. Something barely misses you. Something hits you.
You swing at nothing.
Something hits you!
You die...

#######
......##
....... ......
####### .....#
# ..... ######
#... ...(.#
#..# ####.#
#..# #.# #@.#
#.#
######..#####
#.#
#.............
#.#
#.####..######
#.######.#
#..#
#........#
#....
##########
##.### .# .#


There were no monsters in sight!

Vanquished Creatures
  Natasha (twice) (D:2)
  An adder (D:2)
  A dart slug (D:2)
  2 ball pythons (D:2)
  A bat (D:2)
  An endoplasm (D:2)
  A giant cockroach (D:1)
  A goblin (D:1)
  2 hobgoblins (D:1)
  A kobold (D:2)
  3 rats (D:1)
16 creatures vanquished.

Notes
Turn   | Place    | Note
-------+----------+-------------------------------------------
     0 | D:1      | qw the Minotaur Berserker began the quest for the Orb.
     0 | D:1      | Reached XP level 1. HP: 19/19 MP: 0/0
     0 | D:1      | 0 ||| qw: Version: 0.1-a-119-g272c26d
     0 | D:1      | 0 ||| qw: Game counter: 10775
     0 | D:1      | 0 ||| qw: Always use a shield: true
     0 | D:1      | 0 ||| qw: Do Orc after D:15 true
     0 | D:1      | 0 ||| qw: Do second Lair branch before Depths: true
     0 | D:1      | 0 ||| qw: Lair rune preference: random
     0 | D:1      | 0 ||| qw: Plans: Normal
     0 | D:1      | 0 ||| PLANNING D:1-11
    37 | D:1      | Found Wumankim's Armour Boutique.
    52 | D:1      | 52 ||| SHOPLISTING +0 chain mail (58 gold, have 13).
    52 | D:1      | 52 ||| SHOPLISTING +0 leather armour (26 gold, have 13).
    52 | D:1      | 52 ||| SHOPLISTING +0 pair of boots (58 gold, have 13).
    52 | D:1      | 52 ||| SHOPLISTING +0 pair of gloves (58 gold, have 13).
    52 | D:1      | 52 ||| SHOPLISTING +0 ring mail (52 gold, have 13).
    52 | D:1      | 52 ||| SHOPLISTING +10 plate armour of ponderousness (650
                  | gold, have 13).
    52 | D:1      | 52 ||| SHOPLISTING +3 scale mail of fire resistance (338
                  | gold, have 13).
    79 | D:1      | Found Baguer's Weapon Shoppe.
    87 | D:1      | 87 ||| SHOPLISTING +0 mace (33 gold, have 13).
    87 | D:1      | 87 ||| SHOPLISTING +0 whip (27 gold, have 13).
   267 | D:1      | Reached skill level 4 in Axes
   298 | D:1      | Found Yfuatser's Magic Scroll Shoppe.
   299 | D:1      | Found Diamehoiwo's General Store.
   319 | D:1      | 319 ||| SHOPLISTING scroll of acquirement (676 gold, have
                  | 20).
   319 | D:1      | 319 ||| SHOPLISTING scroll of enchant weapon (97 gold, have
                  | 20).
   319 | D:1      | 319 ||| SHOPLISTING scroll of identify (26 gold, have 20).
   333 | D:1      | Found Cireocib's Book Boutique.
   351 | D:1      | Found a faded altar of an unknown god.
   360 | D:1      | 360 ||| SHOPLISTING +0 plate armour (322 gold, have 26).
   553 | D:1      | 553 ||| READING scroll labelled WYDEGI ANLARYQUFUG.
   577 | D:2      | Reached XP level 2. HP: 26/26 MP: 1/1
   594 | D:2      | Noticed Natasha
   595 | D:2      | 595 ||| FLEEEEING.
   596 | D:2      | 596 ||| FLEEEEING.
   597 | D:2      | 597 ||| FLEEEEING.
   599 | D:2      | 599 ||| FLEEEEING.
   600 | D:2      | 600 ||| FLEEEEING.
   601 | D:2      | 601 ||| FLEEEEING.
   606 | D:2      | 606 ||| STAIRDANCE
   718 | D:2      | 718 ||| INVOKING Berserk.
   722 | D:2      | Killed Natasha
   723 | D:2      | Reached skill level 5 in Axes
   723 | D:2      | Reached XP level 3. HP: 31/31 MP: 2/2
   862 | D:2      | Noticed Natasha
   863 | D:2      | 863 ||| Stepping ~*~*~tactically~*~*~ (stealth).
   866 | D:2      | 866 ||| INVOKING Berserk.
   869 | D:2      | Killed Natasha
   870 | D:2      | Reached skill level 6 in Axes
   870 | D:2      | Reached XP level 4. HP: 39/39 MP: 3/3
  1111 | D:2      | Noticed Sigmund
  1114 | D:2      | 1114 ||| INVOKING Berserk.
  1126 | D:2      | HP: 9/39 [something (6)]
  1127 | D:2      | Slain by Sigmund

Levels and vault maps discovered:
D:1:      scummos_arrival_gate, layout_basic, ebering_ecumenical_altar_box,
          serial_shops, nicolae_shop_stone, shop, nicolae_shop_trees,
          nicolae_shop_statue_plus, nicolae_shop_waterfront
D:2:      layout_loops_ring, uniq_sigmund, uniq_natasha, uniq_terence,
          uniq_crazy_yiuf_cottage

Skill      XL: |  1  2  3 |
---------------+----------+-----
Axes           | 4 5 6 |  6.1
Fighting       | |  3.6
Armour         | |  2.4
Dodging        | |  2.1

Action                   |  1- 3 |  4- 6 || total
-------------------------+-------+-------++-------
Melee: Hand axe          |    25 |     6 ||    31
       Headbutt          |     1 |     1 ||     2
Invok: Berserk           |     2 |     1 ||     3
  Use: Scroll            |     1 |       ||     1
Armor: Animal skin       |     4 |     1 ||     5
Dodge: Dodged            |    13 |     6 ||    19

Table legend:
 A = Non-vault XP
 B = Vault XP
 C = Vault XP percentage of total XP
 D = Non-vault monster count
 E = Vault monster count
 F = Vault count percentage of total count
                 A         B        C        D         E       F
            +---------+---------+-------+---------+---------+-------
      Total |      73 |      35 |  32.4 |      15 |       1 |   6.2
            +---------+---------+-------+---------+---------+-------
        D:1 |      11 |       0 |   0.0 |       7 |       0 |   0.0
        D:2 |      62 |      35 |  36.1 |       8 |       1 |  11.1
            +---------+---------+-------+---------+---------+-------
